 Dungeon Crawl Stone Soup version 0.28-a0-1638-g9123634e07 (webtiles) character file.

Game seed: 3553001423346762277

16706 HallandMoats the Ghoulish Catastrophe (level 12, -3/106 HPs)
             Began as a Ghoul Monk on Jan 25, 2022.
             Was an Elder of Qazlal.
             Slain by an orc warrior (14 damage)
             ... on level 12 of the Dungeon.
             The game lasted 00:25:37 (16651 turns).

HallandMoats the Ghoulish Catastrophe (Ghoul Monk) Turns: 16651, Time: 00:25:39

Health: -3/106     AC: 17    Str: 20    XL:     12   Next: 40%
Magic:  19/19      EV:  8    Int:  5    God:    Qazlal [****..]
Gold:   998        SH:  5    Dex: 14    Spells: 11/11 levels left

rFire   . . .      SeeInvis .   a - +5 dagger of Slime {venom, rPois rC+ Dex+3}
rCold   + + .      Faith    .   (no shield)
rNeg    + + +      Spirit   .   g - +0 plate armour
rPois   ∞          Reflect  .   n - +0 helmet
rElec   .          Harm     .   t - +0 cloak
rCorr   .          Rampage  .   l - +1 pair of gloves
Will    .....                   (no boots)
Stlth   ..........              G - amulet of the acrobat
HPRegen 0.00/turn               (no ring)
MPRegen 0.16/turn               (no ring)

@: inhibited regen, repel missiles
A: claws 1, cold resistance 1, negative energy resistance 3, inhibited
regeneration, torment resistance 2
a: Renounce Religion, Upheaval, Elemental Force


You were on level 12 of the Dungeon.
You worshipped Qazlal.
Qazlal was greatly pleased with you.
You visited 1 branch of the dungeon, and saw 12 of its levels.

You collected 998 gold pieces.

Inventory:

Hand Weapons
 a - the +5 dagger of Slime (weapon) {venom, rPois rC+ Dex+3}
   (You found it on level 7 of the Dungeon)

   It poisons the flesh of those it strikes.
   Dex:       It affects your dexterity (+3).
   rC:        It protects you from cold.
   rPois:     It protects you from poison.
 b - a +6 fustibalus of chaos
Missiles
 E - 84 sling bullets
 F - 393 stones (quivered)
Armour
 g - a +0 plate armour (worn)
 l - a +1 pair of gloves (worn)
 n - a +0 helmet (worn)
 t - a +0 cloak (worn)
Jewellery
 G - an amulet of the acrobat (around neck)
 I - a ring of wizardry
Wands
 d - a wand of digging (7)
 i - a wand of mindburst (22)
 o - a wand of polymorph (3)
 y - a wand of iceblast (9)
 L - a wand of acid (7)
 N - a wand of flame (14)
 O - a wand of paralysis (2)
Scrolls
 c - 2 scrolls of immolation
 f - a scroll of teleportation
 h - a scroll of amnesia
 m - 3 scrolls of identify
 s - a scroll of magic mapping
 u - a scroll of fog
 H - a scroll of silence
 K - a scroll of enchant armour
Potions
 e - 2 potions of attraction {unknown}
 j - 2 potions of lignification {unknown}
 k - 4 potions of brilliance {unknown}
 q - 2 potions of haste {unknown}
 r - 3 potions of curing
 z - a potion of flight {unknown}
 A - 2 potions of degeneration {unknown}
 B - a potion of berserk rage {unknown}
 D - 2 potions of heal wounds {unknown}
 J - a potion of resistance {unknown}
Miscellaneous
 C - a phantom mirror


   Skills:
 - Level 9.9 Fighting
 + Level 6.8(7.3) Short Blades
 + Level 4.0(6.0) Long Blades
 - Level 3.6 Maces & Flails
 * Level 5.0 Slings
 - Level 6.3 Armour
 - Level 7.0 Dodging
 - Level 2.1 Stealth
 - Level 3.6 Unarmed Combat
 + Level 11.0 Invocations


You had 11 spell levels left.
You didn't know any spells.
Your spell library contained the following spells:

 Spells                   Type           Power      Damage    Failure   Level
 Blink                    Tloc           0%         N/A       100%        2
 Corpse Rot               Necr/Air       0%         N/A       100%        2
 Dazzling Flash           Conj/Hex       0%         N/A       100%        3
 Frozen Ramparts          Ice            0%         1d2       100%        3
 Ignite Poison            Fire/Tmut/Pois 0%         N/A       100%        3
 Lesser Beckoning         Tloc           0%         N/A       100%        3
 Mephitic Cloud           Conj/Pois/Air  0%         N/A       100%        3
 Dispel Undead            Necr           0%         3d6       100%        4
 Petrify                  Tmut/Erth      0%         N/A       100%        4
 Summon Ice Beast         Ice/Summ       0%         N/A       100%        4
 Agony                    Necr           0%         N/A       100%        5
 Freezing Cloud           Conj/Ice/Air   0%         6-21      100%        5
 Irradiate                Conj/Tmut      0%         3d13      100%        5
 Manifold Assault         Tloc           0%         N/A       100%        5
 Silence                  Hex/Air        0%         N/A       100%        5
 Death Channel            Necr           0%         N/A       100%        6
 Sublimation of Blood     Necr           Unusable   N/A       N/A         2
 Ice Form                 Ice/Tmut       Unusable   N/A       N/A         4

Dungeon Overview and Level Annotations

Branches:
Dungeon (12/15)            Temple (0/1) D:5            Lair (0/6) D:11
    Orc (0/2) D:11

Altars:
Cheibriados
Elyvilon
Hepliaklqana
Makhleb
Okawaru
Qazlal
Ru
Sif Muna
Wu Jian
Xom
Yredelemnul
Zin

Annotations:
D:8 2 runed translucent doors


Innate Abilities, Weirdness & Mutations

You thrive by killing the living.
You are immune to poison.
You have sharp fingernails.
Your flesh is cold resistant. (rC+)
You are immune to negative energy. (rN+++)
You do not regenerate when monsters are visible.
You are immune to unholy pain and torment.


Message History

Aim: a howler monkey (63% to hit)
You shoot a stone. The stone hits the troll.
The troll suddenly stops moving!
The troll is lightly wounded.
You carefully extract the barbed spikes from your body.
The howler monkey hoots and howls with incredible vigour!
As you read the scroll of teleportation, it crumbles to dust.
You feel strangely unstable.
You feel agile.
The +5 dagger of Slime {venom, rPois rC+ Dex+3} begins to drip with poison!
a - the +5 dagger of Slime (weapon)
{venom, rPois rC+ Dex+3}
Found an escape hatch in the ceiling.
The howler monkey closely misses you.
The howler monkey hoots and howls with incredible vigour!
The troll is struck by lightning.
An orc comes into view. It is wielding a +0 short sword.
The orc shouts!
You hear a shout!
Your surroundings suddenly seem different.
An orc wizard and 3 orcs come into view.
The orc wizard is wielding a +2 dagger of flaming.
The orc wizard shouts!
The orc shouts! x2
Found a potion of curing.
The orc warrior shouts!
You hear a shout!
The orc wizard is engulfed in blazing flames.
The boulder beetle curls into a ball and begins rolling!
The manticore flicks its tail.
The volley of spikes is repelled.
The orc wizard casts a spell at you. You block the puff of flame.
Blink to where?
Press: ? - help, Dir - move target
As you read the scroll of blinking, it crumbles to dust.
The troll bites you but does no damage. The troll claws you but does no damage.
The troll claws you. The boulder beetle hits you!!!
* * * LOW HITPOINT WARNING * * *
The boulder beetle stops rolling and uncurls.
The orc is engulfed in blazing flames.
You kill the orc!
Qazlal accepts your kill.
You feel better.
The orc warrior hits you from afar with a +0 glaive!
You die...

####....# .(......# ####
#.......# #.... #.......#
# ... #)....(.#
.....#.(.....#
..###'#'#.((....#
.......○..T.°..§#####+####
.........@Bo.°o.○o........
##.....(☼.H..§.§o.........
#...........#.#..........
#.........###!#..........
#.......### ###..........
#.......# ...........
#....(..# #...#######.
#.......# #...# #...#


You could see a boulder beetle, a manticore shaped shifter, a troll, an orc
warrior, an orc wizard and an orc.

Vanquished Creatures
  A boulder beetle (D:8)
  A two-headed ogre (D:11)
  An ugly thing (D:11)
  A manticore (D:11)
  Maurice (D:9)
  The ghost of porpoise the Sneak, a novice OpBr (D:5)
  An unseen horror (D:11)
  A komodo dragon (D:10)
  3 trolls
  2 hornets
  Grinder (D:2)
  4 wraiths (D:8)
  18 yaks
  2 wyverns (D:9)
  2 vampire mosquitoes (D:11)
  12 fire bats (D:8)
  3 steam dragons
  A water moccasin (D:8)
  3 sky beasts
  5 ice beasts
  2 orc warriors
  A black bear (D:7)
  A necrophage (D:5)
  2 centaurs
  An ogre (D:3)
  4 phantoms
  2 bullfrogs (D:7)
  A kobold brigand (D:8)
  A gnoll sergeant (D:10)
  3 scorpions
  A wyvern zombie (D:8)
  5 water moccasin skeletons (D:5)
  5 killer bees (D:8)
  6 wights
  8 howler monkeys
  4 centaur zombies
  A bullfrog zombie (D:5)
  2 jellies
  4 hounds
  2 gnoll shamans
  4 orc priests
  A bullfrog skeleton (D:5)
  A centaur skeleton (D:7)
  3 iguanas
  7 orc wizards
  A scorpion zombie (D:5)
  Ijyb (D:3)
  A killer bee zombie (D:8)
  2 hound skeletons
  2 howler monkey zombies
  Robin (D:2)
  12 gnolls
  11 adders
  A white imp (D:7)
  An ufetubus (D:4)
  An adder skeleton (D:5)
  A worm (D:2)
  4 dart slugs
  29 orcs
  8 ball pythons
  69 bats
  4 endoplasms
  3 giant cockroaches
  16 goblins
  7 hobgoblins
  14 jackals
  4 quokkas
  6 frilled lizards
  13 kobolds
  8 rats
356 creatures vanquished.

Vanquished Creatures (collateral kills)
  Erica (D:8)
  A flayed ghost (D:8)
  A troll (D:8)
  A slime creature (D:8)
  A yak (D:8)
  A wraith (D:8)
  An ogre (D:5)
  A centaur (D:5)
  A centaur skeleton (D:5)
  A white imp (D:5)
  2 bats (D:8)
12 creatures vanquished.

Grand Total: 368 creatures vanquished

Notes
Turn   | Place    | Note
-------+----------+-------------------------------------------
     0 | D:1      | HallandMoats the Ghoul Monk began the quest for the Orb.
     0 | D:1      | Reached XP level 1. HP: 19/19 MP: 0/0
   161 | D:1      | Reached XP level 2. HP: 26/26 MP: 1/1
   477 | D:1      | Reached XP level 3. HP: 31/31 MP: 2/2
   573 | D:1      | Reached skill level 1 in Invocations
   906 | D:2      | Reached skill level 1 in Maces & Flails
   965 | D:2      | Reached XP level 4. HP: 40/40 MP: 3/3
   970 | D:2      | Reached skill level 1 in Armour
  1490 | D:3      | Noticed an ogre
  1501 | D:3      | Killed an ogre
  1502 | D:3      | Reached XP level 5. HP: 26/47 MP: 3/5
  1661 | D:3      | Noticed Ijyb
  1674 | D:3      | Killed Ijyb
  1961 | D:3      | Reached skill level 2 in Invocations
  1961 | D:3      | Reached XP level 6. HP: 46/53 MP: 6/6
  2317 | D:3      | Noticed Robin
  2320 | D:3      | Noticed Grinder
  2527 | D:2      | Killed Robin
  2854 | D:2      | Paralysed by Grinder for 3 turns
  2877 | D:2      | Paralysed by Grinder for 6 turns
  2879 | D:2      | Killed Grinder
  2880 | D:2      | Reached skill level 5 in Fighting
  2880 | D:2      | Reached XP level 7. HP: 44/61 MP: 6/8
  3011 | D:3      | Found a faded altar of an unknown god.
  3016 | D:3      | Found a faded altar of an unknown god.
  3115 | D:3      | Prayed at the altar of an unknown god.
  3115 | D:3      | Became a worshipper of Qazlal Stormbringer
  3115 | D:3      | Reached * piety under Qazlal
  3115 | D:3      | Reached ** piety under Qazlal
  3272 | D:4      | Found a stormy altar of Qazlal.
  3273 | D:4      | Found a shimmering blue altar of Sif Muna.
  3612 | D:4      | Found a burning altar of Makhleb.
  3632 | D:4      | Reached *** piety under Qazlal
  3633 | D:4      | Reached skill level 3 in Invocations
  3833 | D:5      | Entered Level 5 of the Dungeon
  3867 | D:5      | Found a staircase to the Ecumenical Temple.
  3879 | D:5      | Found a hazy altar of Hepliaklqana.
  3958 | D:5      | Reached XP level 8. HP: 67/70 MP: 9/9
  3999 | D:5      | Reached skill level 1 in Long Blades
  4125 | D:5      | Found an iron altar of Okawaru.
  4245 | D:5      | Reached skill level 4 in Invocations
  4904 | D:5      | Reached skill level 5 in Invocations
  4997 | D:5      | Reached XP level 9. HP: 17/79 MP: 10/12
  5353 | D:5      | Found a runed translucent door.
  5370 | D:5      | Noticed porpoise's ghost (novice OpBr)
  5711 | D:5      | Reached skill level 5 in Dodging
  5719 | D:5      | Reached skill level 6 in Invocations
  6572 | D:6      | Reached **** piety under Qazlal
  7263 | D:6      | Reached skill level 7 in Invocations
  7595 | D:7      | Identified the +5 dagger of Slime {venom, rPois rC+ Dex+3}
  7777 | D:7      | You fall into a shaft and drop 2 floors!
  7778 | D:9      | Noticed a hornet
  7788 | D:9      | Killed a hornet
  7789 | D:9      | Reached skill level 1 in Short Blades
  7789 | D:9      | Reached XP level 10. HP: 69/90 MP: 14/14
  7938 | D:8      | Found a large runed translucent door.
  7938 | D:8      | Found a large runed translucent door.
  8045 | D:8      | Reached skill level 5 in Armour
  8054 | D:8      | Noticed a boulder beetle
  8065 | D:8      | Reached skill level 8 in Invocations
  8526 | D:8      | Killed a boulder beetle
  8747 | D:8      | Found a large runed translucent door.
  8767 | D:8      | Noticed Erica
  8776 | D:8      | Killed Erica
  9541 | D:8      | Reached skill level 9 in Invocations
  9576 | D:8      | Found a sacrificial altar of Ru.
  9624 | D:8      | Reached XP level 11. HP: 97/97 MP: 16/16
  9705 | D:8      | Found a basalt altar of Yredelemnul.
  9760 | D:8      | Reached skill level 5 in Short Blades
  9764 | D:8      | Found a runed translucent door.
  9766 | D:8      | Found a basalt altar of Yredelemnul.
  9807 | D:8      | Reached ***** piety under Qazlal
  9811 | D:8      | Found a shimmering altar of Xom.
  9834 | D:8      | Noticed a flayed ghost
  9888 | D:8      | Killed a flayed ghost
 10393 | D:8      | Found a large runed translucent door.
 10438 | D:8      | Reached skill level 10 in Invocations
 10449 | D:8      | Identified the +4 long sword of Crawling {pain, Dex+2}
 11759 | D:5      | Killed porpoise's ghost
 12290 | D:9      | Noticed Maurice
 12309 | D:9      | Killed Maurice
 12310 | D:9      | Reached skill level 1 in Slings
 12330 | D:9      | Found an ornate altar of the Wu Jian Council.
 13448 | D:10     | Entered Level 10 of the Dungeon
 14508 | D:10     | Found a snail-covered altar of Cheibriados.
 14774 | D:11     | Reached XP level 12. HP: 57/106 MP: 18/18
 15406 | D:11     | Noticed a two-headed ogre
 15413 | D:11     | Killed a two-headed ogre
 15491 | D:11     | Found a staircase to the Lair.
 15747 | D:11     | Reached skill level 11 in Invocations
 15953 | D:11     | Found a staircase to the Orcish Mines.
 16089 | D:11     | Reached skill level 5 in Slings
 16592 | D:11     | Identified the +5 long sword of Somipead {vorpal, rC+}
 16626 | D:12     | Noticed a boulder beetle
 16651 | D:12     | HP: 2/106 [boulder beetle (36)]
 16651 | D:12     | Slain by an orc warrior

Illustrated notes

Levels and vault maps discovered:
D:1:      mainiacjoe_arrival_reflecting_pool, layout_loops_cross
D:2:      layout_rooms, hangedman_feature_mirror, kennysheep_cross_room
D:3:      layout_loops_cross, hellmonk_ecumenical_altar_the_god_not_taken,
          uniq_robin, uniq_grinder, uniq_ijyb
D:4:      layout_basic, bloody_makhleb,
          chequers_temple_overflow_statue_of_worship
D:5:      minmay_polygon_palace, layout_basic,
          mainiacjoe_overflow_catch_the_wave, temple_statues,
          ebering_ghost_sewer_d
D:6:      layout_basic, mainiacjoe_overflow_concentric_impassable,
          eino_small_chamber_without_monster
D:7:      layout_loops_cross
D:8:      due_megacathedral, layout_gridville, minmay_hollow_rounded_squares,
          uniq_erica
D:9:      layout_grid_maze, mainiacjoe_overflow_alcove_1, minivault_16,
          uniq_maurice
D:10:     layout_basic, kennysheep_slug_shrine
D:11:     hellmonk_crumbling_castle, layout_stronghold, lair_entry_dummy,
          orc_0_dummy, minmay_puff
D:12:     layout_irregular_city, minmay_microvault

Skill      XL: |  1  2  3  4  5  6  7  8  9 10 11 12 |
---------------+-------------------------------------+-----
Invocations    | 1 2 3 5 7 9 10 11 | 11.0
Maces & Flails | 1 2 3 |  3.6
Dodging        | 3 4 5 6 7 |  7.0
Armour         | 1 2 3 4 5 6 |  6.3
Fighting       | 4 5 7 8 9 |  9.9
Long Blades    | 1 3 4 |  4.0
Short Blades   | 1 4 6 |  6.8
Slings         | 3 5 |  5.0
Stealth        | |  2.1
Unarmed Combat | |  3.6

Action                   |  1- 3 |  4- 6 |  7- 9 | 10-12 || total
-------------------------+-------+-------+-------+-------++-------
Melee: Unarmed           |    29 |       |       |       ||    29
       Whip              |    50 |   145 |   100 |       ||   295
       Punch             |     1 |     8 |    20 |    29 ||    58
       Dagger            |       |    26 |   324 |   626 ||   976
       Falchion          |       |       |    99 |       ||    99
 Fire: Fustibalus        |       |       |       |   149 ||   149
Invok: Elemental Force   |       |       |     2 |     5 ||     7
       Upheaval          |       |       |     1 |       ||     1
  Use: Potion            |       |     1 |     1 |     2 ||     4
       Scroll            |       |       |       |    22 ||    22
 Stab: Sleeping          |     2 |       |       |       ||     2
       Paralysed         |       |       |       |     1 ||     1
Armor: Robe              |     6 |       |       |       ||     6
       Ring mail         |    17 |    36 |       |       ||    53
       Plate armour      |       |    80 |   395 |   445 ||   920
Dodge: Dodged            |    40 |    81 |   171 |   302 ||   594
       Repelled          |       |       |       |     1 ||     1
Block: Other             |       |       |    95 |   170 ||   265

Table legend: (Time is in decaauts)
 A = Elapsed time spent in this place.
 B = Non-inter-level travel time spent in this place.
 C = Inter-level travel time spent in this place.
 D = Time resting spent in this place.
 E = Time spent auto-exploring this place.
 F = Levels seen in this place.
 G = Mean time per level.
                   A        B        C        D        E       F      G
               +--------+--------+--------+--------+--------+-----+--------+
         Total |  16570 |  15514 |   1056 |   1782 |  10629 |  12 | 1380.8 |
       Dungeon |  16570 |  15514 |   1056 |   1782 |  10629 |  12 | 1380.8 |
               +--------+--------+--------+--------+--------+-----+--------+

Top non-repeatable levels by time:
     D:5: 2885 daAuts
     D:8: 2610 daAuts
    D:11: 1865 daAuts
     D:2: 1261 daAuts
    D:10: 1259 daAuts
     D:7: 1256 daAuts
     D:9: 1255 daAuts
     D:3: 1186 daAuts
     D:6: 1074 daAuts
     D:4: 944 daAuts
     D:1: 939 daAuts
    D:12: 31 daAuts
